A+
WILMINGTON BLUE ROCKS @ TUCSON COLT 45S
05/11/2024
 
TOP OF THE 1ST
Wilmington Blue Rocks batting - Pitching for Tucson Colt 45s : RHP Yilber Diaz
Pitching: RHP Yilber Diaz
Batting: RHB Jonathan Willems 0-0: Ball
1-0: DOUBLE (Line Drive, 78D, EV 101.9 MPH)
Batting: RHB Braxton Fulford 0-0: Called Strike
0-1: Called Strike
0-2: Strikes out looking
Batting: RHB Carson Williams 0-0: Called Strike
0-1: Ball
1-1: Foul Ball, location: 9LMF
1-2: Foul Ball, location: 25FF
1-2: SINGLE (Line Drive, 4M, EV 106.3 MPH)
Jonathan Willems to third
Batting: RHB Jacob Burke 0-0: Foul Ball, location: 2F
0-1: Ball
1-1: Fly out, F7 (Line Drive, 7D, EV 93.1 MPH)
Runner from 3rd tags up, OUT at HOME! 7-2
Top of the 1st over - 0 runs, 2 hits, 0 errors, 1 left on base; Wilmington 0 - Tucson 0
BOTTOM OF THE 1ST
Tucson Colt 45s batting - Pitching for Wilmington Blue Rocks : RHP Bradley Blalock
Pitching: RHP Bradley Blalock
Batting: RHB Jordan Groshans 0-0: Ball
1-0: Ball
2-0: Ball
3-0: Called Strike
3-1: Base on Balls
Batting: RHB Andre Lipcius 0-0: Swinging Strike
0-1: Ball
1-1: Ball
2-1: Foul Ball, location: 2F
2-2: Foul Ball, location: 3SF
2-2: Strikes out swinging
Batting: SHB Jasson Dominguez 0-0: Ball
1-0: Called Strike
Jordan Groshans steals 2nd base
1-1: Foul Ball, location: 7LMF
1-2: Ball
2-2: Ball
3-2: Base on Balls
Batting: RHB Sean Roby 0-0: Ball
1-0: Ball
2-0: Grounds into double play, 6-4-3 (Groundball, 6, EV 78.1 MPH)
Bottom of the 1st over - 0 runs, 0 hits, 0 errors, 1 left on base; Wilmington 0 - Tucson 0
TOP OF THE 2ND
Wilmington Blue Rocks batting - Pitching for Tucson Colt 45s : RHP Yilber Diaz
Batting: RHB Joe Stewart 0-0: Ball
1-0: Swinging Strike
1-1: Swinging Strike
1-2: Ball
2-2: Fly out, F8 (Flyball, 8RD, EV 107.5 MPH)
Batting: RHB Adrian Hernandez 0-0: Ball
1-0: Swinging Strike
1-1: Foul Ball, location: 9LMF
1-2: Foul Ball, location: 2F
1-2: Foul Ball, location: 7LDF
1-2: Strikes out swinging
Batting: LHB Logan Wyatt 0-0: Called Strike
0-1: Swinging Strike
0-2: Ball
1-2: Foul Ball, location: 2F
1-2: Ball
2-2: Ball
3-2: Foul Ball, location: 23FF
3-2: Strikes out looking
Top of the 2nd over - 0 runs, 0 hits, 0 errors, 0 left on base; Wilmington 0 - Tucson 0
BOTTOM OF THE 2ND
Tucson Colt 45s batting - Pitching for Wilmington Blue Rocks : RHP Bradley Blalock
Batting: LHB Jimmy Crooks 0-0: Ball
1-0: Swinging Strike
1-1: Ball
2-1: Swinging Strike
2-2: Fly out, F7 (Flyball, 78D, EV 89.4 MPH)
Batting: RHB Juan Martinez 0-0: Ball
1-0: Called Strike
1-1: Ball
2-1: Foul Ball, location: 2F
2-2: Strikes out swinging
Batting: RHB Pierce Bennett 0-0: Ball
1-0: Ball
2-0: Ball
3-0: Base on Balls
Batting: RHB Jake Suddleson 0-0: Called Strike
Pierce Bennett is caught stealing 2nd base 2-4
Bottom of the 2nd over - 0 runs, 0 hits, 0 errors, 0 left on base; Wilmington 0 - Tucson 0
TOP OF THE 3RD
Wilmington Blue Rocks batting - Pitching for Tucson Colt 45s : RHP Yilber Diaz
Batting: RHB Manuel Sequera 0-0: Called Strike
0-1: Fly out, F6 (Popup, 56, EV 55.0 MPH)
Batting: RHB Logan Cerny 0-0: Foul Ball, location: 23F
0-1: Ball
1-1: Swinging Strike
1-2: Strikes out swinging
Batting: RHB Jonathan Willems 0-0: Ball
1-0: Ball
2-0: Called Strike
2-1: Swinging Strike
2-2: Strikes out swinging
Top of the 3rd over - 0 runs, 0 hits, 0 errors, 0 left on base; Wilmington 0 - Tucson 0
BOTTOM OF THE 3RD
Tucson Colt 45s batting - Pitching for Wilmington Blue Rocks : RHP Bradley Blalock
Batting: RHB Jake Suddleson 0-0: Ball
1-0: Called Strike
1-1: Foul Ball, location: 2F
1-2: Ball
2-2: Foul Ball, location: 5F
2-2: Foul Ball, location: 2F
2-2: Ball
3-2: Strikes out swinging
Batting: RHB Aaron Palensky 0-0: Swinging Strike
0-1: Foul Ball, location: 7LSFF
0-2: Ball
1-2: Strikes out looking
Batting: RHB Jordan Groshans 0-0: Ball
1-0: Foul Ball, location: 2LF
1-1: Foul Ball, location: 9LDF
1-2: Ball
2-2: Foul Ball, location: 2F
2-2: Ball
3-2: Foul Ball, location: 5F
3-2: Ground out 1-3 (Groundball, 15S, EV 71.9 MPH)
Bottom of the 3rd over - 0 runs, 0 hits, 0 errors, 0 left on base; Wilmington 0 - Tucson 0
TOP OF THE 4TH
Wilmington Blue Rocks batting - Pitching for Tucson Colt 45s : RHP Yilber Diaz
Batting: RHB Braxton Fulford 0-0: Ball
1-0: Swinging Strike
1-1: Ball
2-1: SINGLE (Line Drive, 8LS, EV 88.8 MPH)
Batting: RHB Carson Williams 0-0: Ball
1-0: Ball
2-0: Foul Ball, location: 9LSF
2-1: Swinging Strike
2-2: Strikes out swinging
Batting: RHB Jacob Burke 0-0: Ball
1-0: Fly out, F8 (Flyball, 8RD, EV 110.6 MPH)
Batting: RHB Joe Stewart 0-0: Called Strike
0-1: Called Strike
0-2: Foul Ball, location: 25F
0-2: Strikes out swinging
Top of the 4th over - 0 runs, 1 hit, 0 errors, 1 left on base; Wilmington 0 - Tucson 0
BOTTOM OF THE 4TH
Tucson Colt 45s batting - Pitching for Wilmington Blue Rocks : RHP Bradley Blalock
Batting: RHB Andre Lipcius 0-0: Swinging Strike
0-1: Called Strike
0-2: Strikes out swinging
Batting: SHB Jasson Dominguez 0-0: Ball
1-0: Called Strike
1-1: Foul Ball, location: 7LSF
1-2: Strikes out swinging
Batting: RHB Sean Roby 0-0: Ball
1-0: Called Strike
1-1: Foul Ball, location: 9LMF
1-2: Ball
2-2: Ball
3-2: Foul Ball, location: 2F
3-2: Strikes out swinging
Bottom of the 4th over - 0 runs, 0 hits, 0 errors, 0 left on base; Wilmington 0 - Tucson 0
TOP OF THE 5TH
Wilmington Blue Rocks batting - Pitching for Tucson Colt 45s : RHP Yilber Diaz
Batting: RHB Adrian Hernandez 0-0: Called Strike
0-1: Ball
1-1: Ball
2-1: Ball
3-1: Called Strike
3-2: Foul Ball, location: 5F
3-2: Base on Balls
Batting: LHB Logan Wyatt 0-0: Called Strike
Adrian Hernandez is caught stealing 2nd base 2-6
0-1: Called Strike
0-2: Fly out, F8 (Flyball, 8RD, EV 102.5 MPH)
Batting: RHB Manuel Sequera 0-0: Called Strike
0-1: SOLO HOME RUN (Flyball, 78XD, EV 101.9 MPH), Distance : 402 ft
Batting: RHB Logan Cerny 0-0: Called Strike
0-1: Ball
1-1: Foul Ball, location: 5SF
1-2: Strikes out swinging
Top of the 5th over - 1 run, 1 hit, 0 errors, 0 left on base; Wilmington 1 - Tucson 0
BOTTOM OF THE 5TH
Tucson Colt 45s batting - Pitching for Wilmington Blue Rocks : RHP Bradley Blalock
Batting: LHB Jimmy Crooks 0-0: Ball
1-0: Ground out 1-3 (Groundball, 15S, EV 71.9 MPH)
Batting: RHB Juan Martinez 0-0: Ball
1-0: Fly out, F7 (Flyball, 7D, EV 101.9 MPH)
Batting: RHB Pierce Bennett 0-0: Fly out, F8 (Flyball, 8RXD, EV 79.4 MPH)
Bottom of the 5th over - 0 runs, 0 hits, 0 errors, 0 left on base; Wilmington 1 - Tucson 0
TOP OF THE 6TH
Wilmington Blue Rocks batting - Pitching for Tucson Colt 45s : RHP Yilber Diaz
Batting: RHB Jonathan Willems 0-0: Called Strike
0-1: Ball
1-1: SINGLE (Groundball, 4MD, EV 93.8 MPH)
Batting: RHB Braxton Fulford 0-0: Bunt missed!
0-1: Bunt missed!
0-2: Fly out, F9 (Flyball, 9D, EV 90.0 MPH)
Batting: RHB Carson Williams 0-0: Ball
Wild Pitch!
Jonathan Willems to second
1-0: Foul Ball, location: 2F
1-1: Called Strike
1-2: Strikes out swinging
Pitching: RHP Jackson Rutledge
Batting: RHB Jacob Burke 0-0: Ball
1-0: Ground out 6-3 (Groundball, 6, EV 92.5 MPH)
Top of the 6th over - 0 runs, 1 hit, 0 errors, 1 left on base; Wilmington 1 - Tucson 0
BOTTOM OF THE 6TH
Tucson Colt 45s batting - Pitching for Wilmington Blue Rocks : RHP Bradley Blalock
Batting: RHB Jake Suddleson 0-0: Ball
1-0: Foul Ball, location: 5F
1-1: Ball
2-1: DOUBLE (Line Drive, 78D, EV 108.8 MPH)
Batting: RHB Aaron Palensky 0-0: Ball
1-0: Called Strike
1-1: Ball
2-1: Ground out 5-3 (Groundball, 56, EV 82.5 MPH)
Batting: RHB Jordan Groshans 0-0: Ball
1-0: Ball
2-0: Called Strike
2-1: Ball
3-1: Base on Balls
Batting: RHB Andre Lipcius 0-0: Ball
1-0: Ball
2-0: Foul Ball, location: 2F
2-1: Ball
3-1: Base on Balls
Jake Suddleson to third
Jordan Groshans to second
Batting: SHB Jasson Dominguez 0-0: Ball
1-0: Called Strike
1-1: Ball
2-1: Called Strike
2-2: Foul Ball, location: 2F
2-2: Foul Ball, location: 2F
2-2: GRAND SLAM HOME RUN (Flyball, 9D, EV 95.6 MPH), Distance : 380 ft
Pitching: RHP Indigo Diaz
Batting: RHB Sean Roby 0-0: Ball
1-0: Fly out, F8 (Flyball, 8LM, EV 85.0 MPH)
Batting: LHB Jimmy Crooks 0-0: Swinging Strike
0-1: Ball
1-1: Swinging Strike
1-2: Strikes out swinging
Bottom of the 6th over - 4 runs, 2 hits, 0 errors, 0 left on base; Wilmington 1 - Tucson 4
TOP OF THE 7TH
Wilmington Blue Rocks batting - Pitching for Tucson Colt 45s : RHP Jackson Rutledge
Batting: RHB Joe Stewart 0-0: Fly out, F4 (Popup, 4, EV 63.1 MPH)
Pitching: RHP Gavin Hollowell
Batting: RHB Adrian Hernandez 0-0: Called Strike
0-1: Ball
1-1: Ground out 6-3 (Groundball, 6, EV 79.4 MPH)
Batting: LHB Logan Wyatt 0-0: Ball
1-0: Ball
2-0: Foul Ball, location: 3FF
2-1: Called Strike
2-2: Foul Ball, location: 7LSF
2-2: Fly out, F9 (Flyball, 89M, EV 83.1 MPH)
Top of the 7th over - 0 runs, 0 hits, 0 errors, 0 left on base; Wilmington 1 - Tucson 4
BOTTOM OF THE 7TH
Tucson Colt 45s batting - Pitching for Wilmington Blue Rocks : RHP Indigo Diaz
Batting: RHB Juan Martinez 0-0: Swinging Strike
0-1: Ball
1-1: Foul Ball, location: 2F
1-2: Ball
2-2: Strikes out swinging
Batting: RHB Pierce Bennett 0-0: Ball
1-0: Called Strike
1-1: Ball
2-1: Foul Ball, location: 3F
2-2: Reached on error, E5 (Groundball, 5, EV 100.6 MPH)
Batting: RHB Jake Suddleson 0-0: Ball
1-0: Called Strike
1-1: Ball
2-1: Swinging Strike
2-2: Fly out, F7 (Flyball, 7LD, EV 80.6 MPH)
Batting: RHB Aaron Palensky 0-0: Called Strike
0-1: Swinging Strike
0-2: Ball
1-2: Strikes out looking
Bottom of the 7th over - 0 runs, 0 hits, 1 error, 1 left on base; Wilmington 1 - Tucson 4
TOP OF THE 8TH
Wilmington Blue Rocks batting - Pitching for Tucson Colt 45s : RHP Gavin Hollowell
Batting: RHB Manuel Sequera 0-0: Fly out, F4 (Popup, 34S, EV 67.5 MPH)
Pinch Hitting: RHB Edwin Barragan 0-0: Ball
1-0: Ball
2-0: Ball
3-0: Base on Balls
Pinch Hitting: LHB Nick Decker 0-0: Called Strike
0-1: Ball
1-1: Foul Ball, location: 7LDF
1-2: Ball
2-2: Foul Ball, location: 5FF
2-2: Strikes out swinging
Batting: RHB Braxton Fulford 0-0: Fly out, F8 (Flyball, 8LM, EV 86.9 MPH)
Top of the 8th over - 0 runs, 0 hits, 0 errors, 1 left on base; Wilmington 1 - Tucson 4
BOTTOM OF THE 8TH
Tucson Colt 45s batting - Pitching for Wilmington Blue Rocks : RHP Indigo Diaz
Now at 2B: Edwin Barragan
Now in RF: Nick Decker
Batting: RHB Jordan Groshans 0-0: Ball
1-0: Swinging Strike
1-1: Foul Ball, location: 7LSF
1-2: Strikes out looking
Batting: RHB Andre Lipcius 0-0: Foul Ball, location: 23F
0-1: Called Strike
0-2: Ball
1-2: Ball
2-2: Foul Ball, location: 2F
2-2: SINGLE (Flyball, 8LS, EV 91.3 MPH)
Batting: SHB Jasson Dominguez 0-0: Ball
1-0: Ball
2-0: Ball
3-0: Called Strike
3-1: Foul Ball, location: 23F
3-2: Fielders Choice at 2nd, 2-6 (Groundball, 2R, EV 66.9 MPH)
Batting: RHB Sean Roby 0-0: Swinging Strike
0-1: Ball
1-1: Foul Ball, location: 2F
1-2: Strikes out swinging
Bottom of the 8th over - 0 runs, 1 hit, 0 errors, 1 left on base; Wilmington 1 - Tucson 4
TOP OF THE 9TH
Wilmington Blue Rocks batting - Pitching for Tucson Colt 45s : RHP Gavin Hollowell
Pitching: LHP Jacob Lopez
Batting: RHB Carson Williams 0-0: Called Strike
0-1: Called Strike
0-2: Ball
1-2: Ball
2-2: Ball
3-2: Base on Balls
Batting: RHB Jacob Burke 0-0: Ball
1-0: Ball
2-0: Ball
3-0: Called Strike
3-1: Base on Balls
Carson Williams to second
Batting: RHB Joe Stewart 0-0: Called Strike
0-1: Called Strike
0-2: Strikes out swinging
Pinch Hitting: RHB Liam Spence 0-0: Ball
1-0: Fly out, F9 (Flyball, 9D, EV 105.6 MPH)
Runner from 2nd tags up, SAFE at 3rd, no throw by RF
Pinch Hitting: RHB Arturo De Freitas 0-0: Ball
1-0: Ground out 5-3 (Groundball, 56S, EV 63.8 MPH)
Top of the 9th over - 0 runs, 0 hits, 0 errors, 2 left on base; Wilmington 1 - Tucson 4
Tuesday, March 19th , 2024 - OOTP Baseball 24.11 Build 85